 Dungeon Crawl Stone Soup version 0.29-a0-330-g52719c12eb (webtiles) character file.

Game seed: 12338907865912720302

16 Armakuni the Shooter (level 2, -1/23 HPs)
             Began as a Human Wanderer on Apr 14, 2022.
             Slain by a goblin
             ... wielding a +0 club
             ... led by Robin
              (3 damage)
             ... on level 2 of the Dungeon.
             The game lasted 00:02:17 (757 turns).

Armakuni the Shooter (Human Wanderer)                Turns: 757, Time: 00:02:17

Health: -1/23      AC:  4    Str: 13    XL:     2   Next: 70%
Magic:  3/3        EV: 10    Int: 12    God:
Gold:   51         SH:  0    Dex: 11    Spells: 3/3 levels left

rFire   . . .      SeeInvis .   a - +2 shortbow
rCold   . . .      Faith    .   (shield currently unavailable)
rNeg    . . .      Spirit   .   e - +0 leather armour
rPois   .          Reflect  .   (no helmet)
rElec   +          Harm     .   c - +0 cloak
rCorr   .          Rampage  .   (no gloves)
Will    .....                   (no boots)
Stlth   ++........              (no amulet)
HPRegen 0.07/turn               (no ring)
MPRegen 0.08/turn               (no ring)

@: hasted, very quick
A: electricity resistance, no potion heal 1
a: no special abilities


You were on level 2 of the Dungeon.
You visited 1 branch of the dungeon, and saw 2 of its levels.

You collected 51 gold pieces.

Inventory:

Hand Weapons
 a - a +2 shortbow (weapon)
 b - a +0 mace
Armour
 c - a +0 cloak (worn)
 e - a +0 leather armour (worn)
 i - a +0 ring mail
Scrolls
 j - a scroll of identify


   Skills:
 + Level 2.4 Fighting
 - Level 2.0 Maces & Flails
 - Level 3.0 Bows
 - Level 3.0 Stealth
 - Level 1.0 Spellcasting


You had 3 spell levels left.
You didn't know any spells.
Your spell library contained the following spells:

 Spells                   Type           Power      Damage    Failure   Level
 Dazzling Flash           Conj/Hex       0%         N/A       75%         3
 Agony                    Necr           0%         N/A       100%        5
 Silence                  Hex/Air        0%         N/A       100%        5


Dungeon Overview and Level Annotations

Branches:
Dungeon (2/15)

Altars:

Shops:
D:1 (

Annotations:
D:2 Robin


Innate Abilities, Weirdness & Mutations

You are resistant to electric shocks. (rElec)
Potions are less effective at restoring your health.


Message History

Things that are here:
a +0 club; a goblin corpse
There are monsters nearby!
The goblin shouts!
You hear a shout!
A goblin comes into view. It is wielding a +0 club.
The goblin hits you with a +0 club.
Robin of the Strong Arm comes into view.
They are wielding a +0 trident.
You shoot an arrow.
The arrow hits the goblin but does no damage.
Robin throws the goblin at you! The goblin hits you with a +0 club.
A goblin comes into view. It is wielding a +0 club.
The goblin hits you with a +0 club. The goblin closely misses you.
You shoot an arrow. The arrow barely misses the goblin.
The goblin hits you but does no damage. The goblin closely misses you.
Robin throws the goblin at you! The goblin barely misses you.
Really attack while wielding your +2 shortbow? [Y]es or [N]o only, please.
Really attack while wielding your +2 shortbow?
Okay, then.
You feel yourself speed up. The goblin hits you with a +0 club.
The goblin closely misses you.
A goblin comes into view. It is wielding a +0 dagger.
The goblin barely misses you. The goblin hits you with a +0 club.
* * * LOW HITPOINT WARNING * * *
Okay, then.
Really quaff the potion of mutation?
You feel extremely strange.
Your system partially rejects the healing effects of potions.
You feel insulated.
The goblin closely misses you. x2; The goblin hits you with a +0 club.
* * * LOW HITPOINT WARNING * * *
The goblin hits you with a +0 club.
* * * LOW HITPOINT WARNING * * *
Unknown command.
Shoot: a) +2 shortbow
Press: ? - help, Q - select action Shift-Dir - straight line, f - goblin, p - goblin
Aim: a goblin, wielding a +0 club (53% to hit)
You shoot an arrow. The arrow completely misses the goblin.
The goblin closely misses you. x2; The goblin hits you with a +0 club.
You die...

########.#######.##
.........#
.######..##### ##
#......#
##.##.####.#
[##.#.#.# ........#
..####.g########
#..gg@gggg...
#.#gg###g#...
...#... ##.#.#.#
......# ########


You could see a hobgoblin and 9 goblins.

Vanquished Creatures
  2 bats (D:1)
  2 endoplasms
  A giant cockroach (D:1)
  3 goblins
  A hobgoblin (D:1)
  2 quokkas (D:1)
  A ball python (D:1)
  2 frilled lizards (D:1)
14 creatures vanquished.

Notes
Turn   | Place    | Note
-------+----------+-------------------------------------------
     0 | D:1      | Armakuni the Human Wanderer began the quest for the Orb.
     0 | D:1      | Armakuni set off with the following items: a +2 shortbow, a
                  | +0 mace, a +0 cloak, a potion of haste, a +0 leather armour
     0 | D:1      | Reached XP level 1. HP: 15/15 MP: 2/2
   107 | D:1      | Reached XP level 2. HP: 22/22 MP: 3/3
   415 | D:1      | Found a faded altar of an unknown god.
   644 | D:1      | Found Impuoddif's Weapon Boutique.
   752 | D:2      | Noticed Robin
   756 | D:2      | Gained mutation: Potions are less effective at restoring
                  | your health. [potion of mutation]
   756 | D:2      | Gained mutation: You are resistant to electric shocks.
                  | (rElec) [potion of mutation]
   757 | D:2      | Slain by a goblin

Illustrated notes

Levels and vault maps discovered:
D:1:      scummos_arrival_star, layout_rooms,
          shapermc_ecumenical_altar_totnotflames, serial_shops,
          nicolae_shop_advertising_works [nicolae_subvault_shop_adworks],
          item_on_display_a
D:2:      layout_loops_ring, serial_undead, serial_undead_d, serial_undead_d,
          serial_undead_e, serial_undead_b, skrybe_limestone_x, uniq_robin

Skill      XL: |  1 |
---------------+----+-----
Fighting       | 2 |  2.4
Maces & Flails | |  2.0
Bows           | |  3.0
Stealth        | |  3.0
Spellcasting   | |  1.0

Action                   || total
-------------------------++-------
 Fire: Shortbow          ||    33
  Use: Scroll            ||     3
       Potion            ||     2
Armor: Leather armour    ||     2
Dodge: Dodged            ||    14

Table legend: (Time is in decaauts)
 A = Elapsed time spent in this place.
 B = Non-inter-level travel time spent in this place.
 C = Inter-level travel time spent in this place.
 D = Time resting spent in this place.
 E = Time spent auto-exploring this place.
 F = Levels seen in this place.
 G = Mean time per level.
                   A        B        C        D        E       F      G
               +--------+--------+--------+--------+--------+-----+--------+
         Total |    769 |    741 |     28 |     41 |    600 |   2 |  384.5 |
       Dungeon |    769 |    741 |     28 |     41 |    600 |   2 |  384.5 |
               +--------+--------+--------+--------+--------+-----+--------+

Top non-repeatable levels by time:
     D:1: 716 daAuts
     D:2: 52 daAuts
